 Seeded DCSS version 0.29.0-5-ge4962eb29e (webtiles) character file.

Game seed: 1 (custom seed)

171 Kazon the Trooper (level 5, -5/45 HPs)
             Began as a Demigod Fighter on Aug 29, 2022.
             Slain by an ogre
             ... wielding a +0 giant spiked club
              (19 damage)
             ... on level 4 of the Dungeon.
             The game lasted 00:07:06 (2386 turns).

Kazon the Trooper (Demigod Fighter)                 Turns: 2386, Time: 00:07:06

Health: -5/45      AC: 11    Str: 27    XL:     5   Next: 5%
Magic:  7/7        EV:  9    Int: 10    God:
Gold:   58         SH:  4    Dex: 13    Spells: 4/4 levels left

rFire   . . .      SeeInvis .   s - +3 falchion of Winter {venom, rCorr}
rCold   . . .      Faith    .   c - +0 buckler
rNeg    . . .      Spirit   .   b - +0 scale mail
rPois   +          Reflect  .   j - +0 helmet
rElec   .          Harm     .   (no cloak)
rCorr   +          Rampage  .   (no gloves)
Will    .....                   k - +2 pair of boots
Stlth   ..........              f - amulet of regeneration
HPRegen 0.95/turn               o - ring of Bubyake {rPois Str+6}
MPRegen 0.10/turn               (no ring)

@: no status effects
A: high MP 1, forlorn, divine attributes
a: no special abilities


You were on level 4 of the Dungeon.
You visited 1 branch of the dungeon, and saw 4 of its levels.

You collected 242 gold pieces.
You spent 184 gold pieces at shops.

Inventory:

Hand Weapons
 a - a +0 war axe
 e - a +2 dagger of venom
 s - the +3 falchion of Winter (weapon) {venom, rCorr}
   (You bought it in a shop on level 3 of the Dungeon)

   It poisons the flesh of those it strikes.
   rCorr:     It protects you from acid and corrosion.
Missiles
 l - 12 stones (quivered)
 r - a throwing net
 t - 7 poisoned darts
 u - 3 boomerangs
Armour
 b - a +0 scale mail (worn)
 c - a +0 buckler (worn)
 j - a +0 helmet (worn)
 k - a +2 pair of boots (worn)
Jewellery
 f - an amulet of regeneration (around neck)
 o - the ring of Bubyake (left hand) {rPois Str+6}
   (You acquired it on level 1 of the Dungeon)

   [ring of strength]

   Str:       It affects your strength (+6).
   rPois:     It protects you from poison.
Scrolls
 n - a scroll of immolation {unknown}
 p - a scroll of fog {unknown}
 q - 2 scrolls of identify {unknown}
 v - 2 scrolls of enchant weapon {unknown}
Potions
 d - a potion of might
 g - a potion of haste {unknown}
 h - a potion of flight {unknown}
 i - a potion of attraction {unknown}
 m - a potion of berserk rage {unknown}
 w - a potion of magic {unknown}


   Skills:
 + Level 3.6 Fighting
 + Level 0.8(1.0) Short Blades
 + Level 0.7(1.0) Long Blades
 + Level 2.7 Axes
 * Level 1.2 Throwing
 + Level 3.1 Armour
 + Level 0.3 Dodging
 + Level 0.3 Stealth
 + Level 3.1 Shields


You had 4 spell levels left.
You didn't know any spells.
Your spell library contained the following spells:

 Spells                   Type           Power      Damage    Failure   Level
 Apportation              Tloc           0%         N/A       73%         1
 Necrotise                Necr           0%         1d4       73%         1
 Sting                    Tmut/Pois      0%         1d3       73%         1
 Summon Small Mammal      Summ           0%         N/A       73%         1
 Poisonous Vapours        Pois/Air       0%         N/A       86%         2
 Olgreb's Toxic Radiance  Pois           0%         N/A       100%        4


Dungeon Overview and Level Annotations

Branches:
Dungeon (4/15)
 Temple: D:4-7

Shops:
D:3 (


Innate Abilities, Weirdness & Mutations

You have an increased reservoir of magic. (+10% MP)
You shall have no god before yourself.
Your divine heritage dramatically boosts your attributes as you level up.


Message History

There is a stone staircase leading up here.
You hit the kobold.
You kill the kobold!
Things that are here:
a +0 whip; a kobold corpse A howler monkey comes into view.
The howler monkey hoots and howls with incredible vigour!
You hear a shout! x4
The howler monkey hits you.
You hit the howler monkey but do no damage.
The howler monkey is poisoned.
You block the howler monkey's attack.
The howler monkey hits you but does no damage.
You slash the howler monkey!
The howler monkey looks even sicker.
The howler monkey is severely wounded.
The howler monkey barely misses you. x2
You closely miss the howler monkey.
The howler monkey is severely wounded.
The howler monkey hits you but does no damage.
You hit the howler monkey.
You kill the howler monkey!
You have reached level 5!
You see here a howler monkey corpse.
Found a scroll labelled HYSU PIEWYDD.
Found a quarterstaff.
A hobgoblin comes into view.
The hobgoblin shouts!
You hit the hobgoblin.
The hobgoblin is poisoned.
The hobgoblin is severely wounded.
The hobgoblin hits you but does no damage.
You hit the hobgoblin.
You kill the hobgoblin!
An ogre comes into view. It is wielding a +0 giant spiked club.
The ogre hits you with a +0 giant spiked club!!
Ouch! That really hurt!
* * * LOW HITPOINT WARNING * * *
You hear an angry hiss.
You hit the ogre.
The ogre is poisoned.
The ogre is moderately wounded.
The ogre hits you with a +0 giant spiked club!!
You die...

....###.#.###.#
#)# .......†..#
#.# #.#
...####.#####.#
#.# #.#.....#
#<# #.#.#####
### #.#.# #.#.#
#.#.# #.#@#
#....?O.#
#.###.### #. .
##


You could see an ogre (very poisoned).

Vanquished Creatures
  A howler monkey (D:4)
  Natasha (D:4)
  3 gnolls (D:2)
  2 adders (D:2)
  A worm (D:2)
  A dart slug (D:3)
  7 endoplasms
  A giant cockroach (D:1)
  7 goblins
  7 hobgoblins
  6 jackals (D:3)
  5 kobolds
  2 quokkas
  3 ball pythons
  2 bats
  4 frilled lizards
  5 rats
58 creatures vanquished.

Notes
Turn   | Place    | Note
-------+----------+-------------------------------------------
     0 | D:1      | Kazon the Demigod Fighter began the quest for the Orb.
     0 | D:1      | Reached XP level 1. HP: 18/18 MP: 3/3
    32 | D:1      | Identified a scroll of acquirement
    32 | D:1      | Acquired the ring of Bubyake {rPois Str+6}
   272 | D:1      | Reached XP level 2. HP: 26/26 MP: 4/4
  1069 | D:2      | Reached XP level 3. HP: 23/31 MP: 5/5
  1287 | D:2      | Reached XP level 4. HP: 14/38 MP: 6/6
  1808 | D:3      | Found Umat's Antique Weapon Boutique.
  1851 | D:3      | Bought a crude falchion for 184 gold pieces
  1851 | D:3      | Identified the +3 falchion of Winter {venom, rCorr} (You
                  | bought it in a shop on level 3 of the Dungeon)
  1923 | D:3      | You fall into a shaft and drop 1 floor!
  1927 | D:4      | Noticed Natasha
  1934 | D:4      | Killed Natasha
  1935 | D:4      | Reached skill level 1 in Throwing
  2364 | D:4      | Reached XP level 5. HP: 44/45 MP: 7/7
  2384 | D:4      | Noticed an ogre
  2386 | D:4      | Slain by an ogre

Illustrated notes

Levels and vault maps discovered:
D:1:      dpeg_arrival_three_smaller_balls, layout_basic
D:2:      layout_loops_ring
D:3:      layout_basic, serial_shops, nicolae_shop_stone, st_stairs_7
D:4:      minmay_razor_zed, layout_basic, worldfamousw_hep_ancestral_shrine,
          uniq_eustachio, uniq_natasha

Skill      XL: |  1  2  3  4 |
---------------+-------------+-----
Fighting       | 3 |  3.6
Axes           | 2 |  2.7
Shields        | 3 |  3.1
Throwing       | 1 |  1.2
Armour         | 3 |  3.1
Short Blades   | |  0.8
Long Blades    | |  0.7
Dodging        | |  0.3
Stealth        | |  0.3

Action                   |  1- 3 |  4- 6 || total
-------------------------+-------+-------++-------
Melee: War axe           |    90 |       ||    90
       Dagger            |    33 |     7 ||    40
       Falchion          |       |    40 ||    40
Throw: Stone             |     2 |     8 ||    10
  Use: Scroll            |     1 |       ||     1
Armor: Scale mail        |    59 |    19 ||    78
Dodge: Dodged            |    79 |    20 ||    99
Block: Buckler           |    33 |    16 ||    49
